 Dungeon Crawl Stone Soup version 0.30.1-4-g462c640d31 (webtiles) character file.

Game seed: 15672610534331430131

401 radiomath the Chopper (level 6, -1/56 HPs)
             Began as a Minotaur Berserker on Sept 14, 2023.
             Was a Priest of Trog.
             Slain by an ice beast (13 damage)
             ... on level 5 of the Dungeon.
             The game lasted 00:15:38 (5941 turns).

radiomath the Chopper (Minotaur Berserker)          Turns: 5941, Time: 00:15:39

Health: -1/56      AC: 15    Str: 24    XL:     6   Next: 54%
Magic:  5/5        EV:  7    Int:  4    God:    Trog [***...]
Gold:   224        SH:  5    Dex:  9    Spells: 5/5 levels left

rFire   . . .        a - +0 hand axe
rCold   . . .        (no shield)
rNeg    . . .        t - +0 plate armour
rPois   .            (helmet restricted)
rElec   .            (no cloak)
rCorr   .            (no gloves)
SInv    .            m - +2 pair of boots {Stlth+}
Will    .....        e - amulet of reflection Stlth
                     (no ring)
HPRegen 0.29/turn    (no ring)
MPRegen 0.09/turn

%: reflection
@: no status effects
A: horns 2, retaliatory headbutt
a: Renounce Religion, Berserk, Trog's Hand


You were on level 5 of the Dungeon.
You worshipped Trog.
Trog was most pleased with you.
You visited 1 branch of the dungeon, and saw 5 of its levels.

You collected 224 gold pieces.

Inventory:

Hand Weapons
 a - a +0 hand axe (weapon)
 k - a +1 sling of flaming
 p - a +0 heavy flail
Missiles
 d - 61 stones (quivered)
Armour
 m - a +2 pair of boots of stealth (worn)
 t - a +0 plate armour (worn)
Jewellery
 e - an amulet of reflection (around neck)
 r - an amulet of regeneration
 w - an amulet of guardian spirit
Wands
 h - a wand of flame (7)
 n - a wand of quicksilver (2)
Scrolls
 g - a scroll of teleportation
 i - 2 scrolls of identify {unknown}
 j - a scroll of poison {unknown}
 l - 2 scrolls of enchant armour {unknown}
 o - a scroll of blinking {unknown}
 q - 2 scrolls of noise {unknown}
 u - 2 scrolls of vulnerability {unknown}
 v - a scroll of magic mapping {unknown}
Potions
 b - a potion of degeneration {unknown}
 c - 3 potions of curing {unknown}
 f - 2 potions of mutation {unknown}
 s - a potion of heal wounds {unknown}


   Skills:
 + Level 5.4 Fighting
 + Level 5.9 Axes
 + Level 0.4 Throwing
 + Level 4.1 Armour
 + Level 3.3 Dodging
 + Level 1.5 Stealth
 + Level 0.2 Shields


You had 5 spell levels left.
You didn't know any spells.
Your spell library contained the following spells:

 Spells                   Type           Power      Damage    Failure   Level
 Static Discharge         Conj/Air       0%         2-2/arc   100%        2
 Airstrike                Air            0%         2d(0-16)  100%        4
 Summon Lightning Spire   Summ/Air       0%         N/A       100%        4


Dungeon Overview and Level Annotations

Branches:
Dungeon (5/15)             Temple (0/1) D:4

Altars:

Annotations:
D:2 Sigmund


Innate Abilities, Weirdness & Mutations

You have a pair of horns on your head.
You reflexively headbutt those who attack you in melee.


Message History

You hit the ice beast but do no damage. You headbutt the ice beast.
The ice beast is moderately wounded.
The ice beast hits you. The ice beast freezes you!
You barely miss the ice beast. Your headbutt misses the ice beast.
The ice beast is moderately wounded.
The ice beast hits you but does no damage.
You hit the ice beast.
The ice beast is heavily wounded.
The ice beast hits you but does no damage.
You hit the ice beast but do no damage. Your headbutt misses the ice beast.
The ice beast is heavily wounded.
The ice beast barely misses you.
You hit the ice beast but do no damage. Your headbutt misses the ice beast.
The ice beast is heavily wounded.
You block the ice beast's attack.
You hit the ice beast but do no damage.
The ice beast is heavily wounded.
The ice beast hits you. The ice beast freezes you!
You closely miss the ice beast.
The ice beast is heavily wounded.
The ice beast hits you but does no damage.
You barely miss the ice beast. You headbutt the ice beast.
The ice beast is heavily wounded.
The ice beast barely misses you.
You hit the ice beast. You headbutt the ice beast.
The ice beast is almost dead.
The ice beast hits you. The ice beast freezes you!
* * * LOW HITPOINT WARNING * * *
You hit the ice beast but do no damage.
The ice beast is almost dead.
The ice beast misses you.
You hit the ice beast but do no damage.
The ice beast is almost dead.
The ice beast hits you but does no damage.
You hit the ice beast.
The ice beast is almost dead.
The ice beast hits you.
* * * LOW HITPOINT WARNING * * *
The ice beast freezes you!
You die...

.[.......)...........
.......###########...
......###########..#.
..................... ..#
.................... ...
.................####...#
..#..#####..............#
###.### #.......###....#
#.†.# ####...@##......
###†# ###.Y#.....?# #.#
#.......Y.# #.#
#.........# #.##
##........# #..#
#.......## ##.#
#......... #.######
#.......!. #......#
##........


You could see an ice beast.

Vanquished Creatures
  A black bear (D:4)
  A sleepcap (D:5)
  3 orc wizards
  Robin (D:2)
  3 gnolls (D:3)
  A river rat (D:4)
  6 adders
  A worm (D:2)
  2 dart slugs
  11 orcs
  7 ball pythons
  6 endoplasms
  4 giant cockroaches
  15 goblins
  8 hobgoblins
  4 jackals (D:5)
  4 kobolds
  4 quokkas
  A frilled lizard (D:3)
  4 rats
87 creatures vanquished.

Notes
Turn   | Place    | Note
-------+----------+-------------------------------------------
     0 | D:1      | radiomath the Minotaur Berserker began the quest for the
                  | Orb.
     0 | D:1      | Reached XP level 1. HP: 19/19 MP: 0/0
   596 | D:1      | Reached XP level 2. HP: 22/27 MP: 1/1
  2176 | D:2      | Noticed Robin
  2199 | D:2      | Reached XP level 3. HP: 34/34 MP: 2/2
  2199 | D:2      | Reached ** piety under Trog
  2251 | D:2      | Killed Robin
  2427 | D:2      | Reached XP level 4. HP: 23/41 MP: 3/3
  3432 | D:2      | Noticed Sigmund
  3624 | D:2      | Reached skill level 5 in Fighting
  4041 | D:3      | Reached XP level 5. HP: 35/48 MP: 4/4
  4149 | D:3      | Reached skill level 5 in Axes
  4154 | D:3      | Reached skill level 1 in Stealth
  4301 | D:3      | Found a faded altar of an unknown god.
  4989 | D:4      | Noticed a black bear
  4994 | D:4      | Killed a black bear
  4995 | D:4      | Reached XP level 6. HP: 51/56 MP: 5/5
  5149 | D:4      | Found a staircase to the Ecumenical Temple.
  5643 | D:5      | Entered Level 5 of the Dungeon
  5745 | D:5      | Reached *** piety under Trog
  5919 | D:5      | Noticed an ice beast
  5941 | D:5      | Slain by an ice beast

Illustrated notes

Levels and vault maps discovered:
D:1:      dpeg_arrival_circle_labyrinth_a, layout_loops_ring,
          nicolae_concentric_dashed_squares_wild, minmay_surrounded
D:2:      layout_loops_ring, chequers_serial_rivers_micro_e,
          minmay_misc_feat_four_crosses, minmay_heptomino_o4, uniq_robin,
          uniq_sigmund
D:3:      layout_loops_ring, ebering_ecumenical_altar_hall, feat_on_display
D:4:      layout_loops_cross, minmay_temple_entry_glass, gup_sewer_entry_bowl
D:5:      layout_rooms, grunt_temple_overflow_champion_of_chaos

Skill      XL: |  1  2  3  4  5  6 |
---------------+-------------------+-----
Fighting       | 4 5 |  5.4
Axes           | 4 5 |  5.9
Armour         | 3 4 |  4.1
Dodging        | 3 |  3.3
Stealth        | 1 |  1.5
Throwing       | |  0.4
Shields        | |  0.2

Action                     |  1- 3 |  4- 6 || total
---------------------------+-------+-------++-------
  Melee: Hand axe          |    66 |   165 ||   231
         Headbutt          |     6 |    27 ||    33
         Punch             |       |     2 ||     2
         Flail             |       |     4 ||     4
   Fire: Sling             |       |     3 ||     3
  Throw: Stone             |       |     8 ||     8
    Use: Scroll            |       |     2 ||     2
   Stab: Sleeping          |       |     4 ||     4
         Distracted        |       |     1 ||     1
 Armour: Animal skin       |     3 |       ||     3
         Leather armour    |     5 |    11 ||    16
         Plate armour      |       |    49 ||    49
         Scale mail        |       |     1 ||     1
  Dodge: Dodged            |    39 |    74 ||   113
  Block: Other             |       |    14 ||    14
         Reflection        |       |     1 ||     1
